 Dungeon Crawl Stone Soup version 0.30.0-29-ga12c61a403 (webtiles) character file.

Game seed: 8389583732096376085

886 Jakamomo the Protected (level 8, -1/67 HPs)
             Began as a Gnoll Wanderer on June 24, 2023.
             Was an Initiate of Makhleb.
             Slain by a starcursed mass (4 damage)
             ... on level 1 of the Abyss.
             The game lasted 01:10:29 (4810 turns).

Jakamomo the Protected (Gnoll Wanderer)             Turns: 4810, Time: 01:10:30

Health: -1/67      AC: 14    Str: 16    XL:     8   Next: 5%
Magic:  12/12      EV:  7    Int: 16    God:    Makhleb [......]
Gold:   154        SH:  0    Dex: 12    Spells: 13/13 levels left

rFire   . . .        t - +10 dagger of Tuesis {freeze, *Corrode Int+5 Dex+2}
rCold   . . .        (no shield)
rNeg    . . .        q - +0 plate armour {Tin Can}
rPois   .            (no helmet)
rElec   .            (no cloak)
rCorr   .            (no gloves)
SInv    .            (no boots)
Will    .....        (no amulet) Stlth
                     (no ring)
HPRegen 0.31/turn    (no ring)
MPRegen 0.13/turn

%: corrode self (3%)
@: flying
A: fangs 1, strong nose, distributed training
a: Renounce Religion


You were on level 1 of the Abyss.
You worshipped Makhleb.
Makhleb was noncommittal.
You visited 2 branches of the dungeon, and saw 5 of its levels.
You visited the Abyss 1 time.

You collected 154 gold pieces.

Inventory:

Hand Weapons
 n - a +1 flail of holy wrath
 t - the +10 dagger of Tuesis (weapon) {freeze, *Corrode Int+5 Dex+2}
   (You found it on level 4 of the Dungeon)

   Int:       It affects your intelligence (+5).
   Dex:       It affects your dexterity (+2).
   *Corrode:  It may corrode you when you take damage.
 x - a +0 halberd
 z - a +0 hand axe
 B - a +0 falchion
 E - a +3 flail of holy wrath
Armour
 e - a +2 scale mail
 q - a +0 plate armour (worn) {Tin Can}
 F - a +2 chain mail of fire resistance
Jewellery
 y - a ring of fire
 C - a ring of positive energy
Scrolls
 c - a scroll of teleportation
 m - 3 scrolls of immolation {unknown}
 r - 2 scrolls of enchant armour {unknown}
 s - a scroll of vulnerability {unknown}
 D - a scroll of silence {unknown}
Potions
 b - 3 potions of lignification
 d - 2 potions of curing
 g - a potion of flight
 l - 3 potions of brilliance {unknown}
 u - a potion of might {unknown}
 A - a potion of attraction {unknown}


   Skills:
 + Level 7.2 Fighting
 + Level 3.0 Short Blades
 + Level 3.0 Long Blades
 + Level 3.0 Axes
 + Level 3.0 Maces & Flails
 + Level 3.0 Polearms
 + Level 3.0 Staves
 + Level 3.0 Ranged Weapons
 + Level 3.0 Throwing
 + Level 10.9 Armour
 + Level 4.0 Dodging
 + Level 3.0 Stealth
 + Level 3.0 Shields
 + Level 3.0 Unarmed Combat
 + Level 3.0 Spellcasting
 + Level 2.4 Conjurations
 + Level 2.4 Hexes
 + Level 2.4 Summonings
 + Level 2.4 Necromancy
 + Level 2.4 Translocations
 + Level 2.4 Transmutations
 + Level 2.4 Fire Magic
 + Level 2.4 Ice Magic
 + Level 2.4 Air Magic
 + Level 2.4 Earth Magic
 + Level 2.4 Poison Magic
 + Level 3.3 Invocations
 + Level 4.0 Evocations


You had 13 spell levels left.
You didn't know any spells.
Your spell library contained the following spells:

 Spells                   Type           Power      Damage    Failure   Level
 Magic Dart               Conj           40%        1d5       89%         1
 Searing Ray              Conj           20%        2d5       96%         2
 Fulminant Prism          Conj/Hex       5%         3d6       100%        4


Dungeon Overview and Level Annotations

Branches:
Dungeon (5/15)             Temple (1/1) D:4

Altars:
Dithmenos
Elyvilon
Gozag
Kikubaaqudgha
Makhleb
Nemelex Xobeh
Okawaru
Qazlal
Ru
Sif Muna
Vehumet
Zin
The Shining One
Lugonu


Innate Abilities, Weirdness & Mutations

You have very sharp teeth.
Your uncanny sense of smell can sniff out nearby items.
Your experience applies equally to all skills.


Message History

Blink to where?
Press: ? - help, Dir - move target, f - you Blink to where?
Press: ? - help, Dir - move target, f - starcursed mass
Aim: a starcursed mass Blink to where?
Press: ? - help, Dir - move target, f - starcursed mass
Aim: a starcursed mass Blink to where?
Press: ? - help, Dir - move target, f - you Blink to where?
Press: ? - help, Dir - move target, f - starcursed mass
Aim: a starcursed mass You can't blink onto the starcursed mass!
Blink to where?
Press: ? - help, Dir - move target, f - starcursed mass, p - starcursed mass
Aim: a starcursed mass (poison gas)
Okay, then.
As you read the scroll labelled WAHEFR SOECKE, it crumbles to dust.
It was a scroll of blinking.
The starcursed mass touches you.
* * * LOW HITPOINT WARNING * * *
It was a potion of flight.
You feel very buoyant.
You fly up into the air.
You hit the starcursed mass. You freeze the starcursed mass.
The starcursed mass is moderately damaged.
The starcursed mass shudders and is absorbed by its neighbour.
A deafening chorus of shrieks assaults your mind!
* * * LOW HITPOINT WARNING * * *
The starcursed mass touches you but does no damage. x2
A starcursed mass splits.
You completely miss the starcursed mass.
The starcursed mass touches you but does no damage.
The starcursed mass barely misses you.
A starcursed mass splits.
The starcursed mass touches you but does no damage.
You hit the starcursed mass. You freeze the starcursed mass.
The starcursed mass is moderately damaged.
The starcursed mass shudders and is absorbed by its neighbour.
The starcursed mass touches you.
You die...

## #☼# .
.##§##### ..
#§§X@X§## ..#.
#§§#§X#XXX#
...# #
#§☼#XX##...#.
..§###..### #..
.☼###......#...
###.#~..... ...
#........#
.#....~..#..
###.~.~>.### #.


You could see 8 starcursed masses.

Vanquished Creatures
  Grinder (D:4)
  Edmund (D:5)
  An ogre (D:4)
  A small abomination (Abyss:1)
  3 scorpions
  A hound (D:5)
  Jessica (D:2)
  5 gnolls
  4 adders
  A shadow imp (D:5)
  An ufetubus (Abyss:1)
  3 worms
  A dart slug (D:1)
  7 orcs
  6 endoplasms
  3 giant cockroaches
  2 goblins
  2 hobgoblins
  7 jackals
  6 kobolds
  3 quokkas
  8 ball pythons
  2 bats
  4 frilled lizards
  4 rats
78 creatures vanquished.

Notes
Turn   | Place    | Note
-------+----------+-------------------------------------------
     0 | D:1      | Reached skill level 10 in Armour
     0 | D:1      | Jakamomo the Gnoll Wanderer began the quest for the Orb.
     0 | D:1      | Jakamomo set off with the following items: a +0 club, a
                  | potion of lignification, a scroll of teleportation, a
                  | potion of curing, a +2 scale mail.
     0 | D:1      | Reached XP level 1. HP: 23/23 MP: 1/1
   261 | D:1      | Reached XP level 2. HP: 28/29 MP: 2/2
   479 | D:1      | Reached XP level 3. HP: 35/35 MP: 3/3
   838 | D:1      | Reached skill level 1 in Invocations
  1547 | D:2      | Reached skill level 1 in Short Blades
  1547 | D:2      | Reached skill level 1 in Long Blades
  1547 | D:2      | Reached skill level 1 in Axes
  1547 | D:2      | Reached skill level 1 in Maces & Flails
  1547 | D:2      | Reached skill level 1 in Polearms
  1547 | D:2      | Reached skill level 1 in Staves
  1547 | D:2      | Reached skill level 1 in Ranged Weapons
  1547 | D:2      | Reached skill level 1 in Throwing
  1547 | D:2      | Reached skill level 1 in Stealth
  1547 | D:2      | Reached skill level 1 in Shields
  1547 | D:2      | Reached skill level 1 in Unarmed Combat
  1547 | D:2      | Reached skill level 1 in Spellcasting
  1721 | D:2      | Reached XP level 4. HP: 41/41 MP: 5/5
  1877 | D:2      | Noticed Jessica
  1886 | D:2      | Killed Jessica
  1887 | D:2      | Reached skill level 1 in Conjurations
  1887 | D:2      | Reached skill level 1 in Hexes
  1887 | D:2      | Reached skill level 1 in Summonings
  1887 | D:2      | Reached skill level 1 in Necromancy
  1887 | D:2      | Reached skill level 1 in Translocations
  1887 | D:2      | Reached skill level 1 in Transmutations
  1887 | D:2      | Reached skill level 1 in Fire Magic
  1887 | D:2      | Reached skill level 1 in Ice Magic
  1887 | D:2      | Reached skill level 1 in Air Magic
  1887 | D:2      | Reached skill level 1 in Earth Magic
  1887 | D:2      | Reached skill level 1 in Poison Magic
  2290 | D:2      | You fall into a shaft and drop 2 floors!
  2329 | D:4      | Identified the +10 dagger of Tuesis {freeze, *Corrode Int+5
                  | Dex+2}
  2336 | D:4      | Noticed an ogre
  2341 | D:4      | Killed an ogre
  2342 | D:4      | Reached XP level 5. HP: 47/47 MP: 5/7
  2437 | D:4      | Noticed Grinder
  2453 | D:4      | Paralysed by Grinder for 2 turns
  2460 | D:4      | Paralysed by Grinder for 3 turns
  2469 | D:4      | Paralysed by Grinder for 4 turns
  2473 | D:4      | Killed Grinder
  2474 | D:4      | Reached XP level 6. HP: 9/53 MP: 7/9
  2880 | D:4      | Reached XP level 7. HP: 60/60 MP: 10/10
  2882 | D:4      | Found a staircase to the Ecumenical Temple.
  3326 | Temple   | Entered the Ecumenical Temple
  3679 | Temple   | Became a worshipper of Makhleb the Destroyer
  3737 | D:5      | Entered Level 5 of the Dungeon
  4032 | D:5      | Noticed Edmund
  4249 | D:5      | Found a glowing golden altar of the Shining One.
  4317 | D:5      | Found a glowing silver altar of Zin.
  4396 | D:5      | Killed Edmund
  4682 | D:5      | Found a large runed translucent door.
  4683 | D:5      | Found a large runed translucent door.
  4683 | D:5      | Found a corrupted altar of Lugonu.
  4698 | Abyss:1  | Cast into level 1 of the Abyss (kobold brigand)
  4740 | Abyss:1  | Reached XP level 8. HP: 16/67 MP: 12/12
  4791 | Abyss:1  | Noticed a starcursed mass
  4807 | Abyss:1  | HP: 2/67 [starcursed mass/accursed screaming (10)]
  4810 | Abyss:1  | Slain by a starcursed mass

Illustrated notes

Levels and vault maps discovered:
D:1:      wheals_arrival_linesprint, layout_loops_cross, chequers_avenue,
          st_stairs_9, minmay_strange_pillars
D:2:      layout_basic, uniq_jessica
D:4:      layout_gridville, minmay_temple_entry_statues, uniq_grinder
D:5:      due_chaos_kobolds, layout_cave_pools, lemuel_crystal_altar,
          zin_statuary, uniq_edmund
Temple:   bh_familiar_temple
Abyss:1:  base:
D:1

Skill      XL: |  1  2  3  4  5  6  7 |
---------------+----------------------+-----
Armour         | | 10.9
Invocations    | 1 2 3 |  3.3
Short Blades   | 1 2 3 |  3.0
Long Blades    | 1 2 3 |  3.0
Axes           | 1 2 3 |  3.0
Maces & Flails | 1 2 3 |  3.0
Polearms       | 1 2 3 |  3.0
Staves         | 1 2 3 |  3.0
Ranged Weapons | 1 2 3 |  3.0
Throwing       | 1 2 3 |  3.0
Stealth        | 1 2 3 |  3.0
Shields        | 1 2 3 |  3.0
Unarmed Combat | 1 2 3 |  3.0
Spellcasting   | 1 2 3 |  3.0
Conjurations   | 1 2 |  2.4
Hexes          | 1 2 |  2.4
Summonings     | 1 2 |  2.4
Necromancy     | 1 2 |  2.4
Translocations | 1 2 |  2.4
Transmutations | 1 2 |  2.4
Fire Magic     | 1 2 |  2.4
Ice Magic      | 1 2 |  2.4
Air Magic      | 1 2 |  2.4
Earth Magic    | 1 2 |  2.4
Poison Magic   | 1 2 |  2.4
Dodging        | 3 4 |  4.0
Evocations     | 3 4 |  4.0
Fighting       | 7 |  7.2

Action                     |  1- 3 |  4- 6 |  7- 9 || total
---------------------------+-------+-------+-------++-------
  Melee: Club              |   161 |       |       ||   161
         Bite              |    18 |     7 |     6 ||    31
         Punch             |     3 |     2 |       ||     5
         Mace              |     5 |    32 |       ||    37
         Dagger            |       |    32 |    63 ||    95
  Throw: Javelin           |     1 |     8 |     1 ||    10
         Stone             |       |     4 |       ||     4
         Dart              |       |     4 |     1 ||     5
         Boomerang         |       |     1 |    23 ||    24
    Use: Scroll            |       |       |     4 ||     4
         Potion            |       |       |     1 ||     1
 Armour: Scale mail        |   123 |     3 |       ||   126
         Plate armour      |       |    72 |    56 ||   128
  Dodge: Dodged            |   149 |    31 |    22 ||   202
